Sharks vs Rangers

Created - 7 mars 2016 at 20:58

Goals
1 2 3 T
Sharks 1 1 2 4
Rangers 1 1 1 3
Shots
1 2 3 T
Sharks 10 4 17 31
Rangers 7 7 17 31

1st period

1. Rangers , Brad Richards 28 (Milan Lucic, Johan Franzen) at 10:52
2. Sharks , Derek Boogaard 21 (David Legwand, Brad Boyes) at 12:23

Penalties :
Scott Niedermayer (SJS) for Holding (Minor) at 7:13, David Legwand (SJS) for Slashing (Double Minor) at 14:10, Derek Boogaard (SJS) for Holding (Minor) at 15:54

2nd period

3. Sharks , Tuomo Ruutu 12 (Jason Allison, Mike Green) at 6:07
4. Rangers , Johan Franzen 18 (Ryan Whitney, Milan Lucic) at 16:41 (PP)

Penalties :
Johan Franzen (NYR) for Roughing (Minor) at 2:48, Igor Radulov (NYR) for Holding (Minor) at 8:55, Antoine Vermette (SJS) for Hooking (Minor) at 16:25, Daniel Alfredsson (SJS) for Hooking (Minor) at 18:17

3rd period

5. Rangers , Milan Lucic 30 (Brad Richards) at 8:19 (PP)
6. Sharks , David Legwand 25 (Derek Boogaard, Scott Niedermayer) at 14:40
7. Sharks , David Legwand 26 (Brad Boyes, Derek Boogaard) at 18:22 (PP)

Penalties :
David Legwand (SJS) for Roughing (Minor) at 8:12, Derek Boogaard (SJS) for Hooking (Minor) at 9:29, Milan Lucic (NYR) for Roughing (Double Minor) at 14:59, Derek Boogaard (SJS) for Charging (Minor) at 15:03, Brad Richards (NYR) for Tripping (Minor) at 18:09

Goalie Stats

Mike Brodeur (SJS), 28 saves from 31 shots - (0,903), W, 14-14-6, 60:00 minutes
Henrik Lundqvist (NYR), 27 saves from 31 shots - (0,871), L, 11-21-5, 60:00 minutes

Players Stats for Sharks

Player Name              G  A  P  +/- PIM S  H  SB GA TA FO     MP     PP MP  PK MP  
------------------------------------------------------------------------------------
Alexander Radulov        0  0  0   1  0   2  0  1  0  0  0/0     9:48   0:00   0:00 
Antoine Vermette         0  0  0  -1  2   0  0  0  0  1  8/15   17:18   2:51   3:33 
Brad Boyes               0  2  2   2  0   4  1  1  0  0  1/3    24:18   4:08   5:07 
Daniel Alfredsson        0  0  0  -1  2   2  0  0  0  0  0/0    13:10   2:51   0:00 
David Legwand            2  1  3   2  6   4  3  0  0  0  20/38  22:51   4:08   3:42 
Derek Boogaard           1  2  3   2  6   1  1  0  1  1  0/1    19:56   4:04   2:19 
Jason Allison            0  1  1   1  0   1  0  0  1  0  3/3    10:49   0:03   0:29 
Jay Bouwmeester          0  0  0   0  0   2  2  2  1  1  0/0    30:09   4:51   6:25 
Kevin Shattenkirk        0  0  0   1  0   0  1  0  0  1  0/0     9:19   0:17   0:00 
Kim Johnsson             0  0  0   1  0   0  0  2  1  1  0/0    20:32   1:51   3:54 
Marcel Hossa             0  0  0  -1  0   2  3  0  0  0  2/2    13:28   2:51   0:19 
Markus Naslund           0  0  0   0  0   0  0  0  0  0  0/0     6:45   0:00   0:00 
Martin Erat              0  0  0   0  0   5  0  0  0  0  0/0     6:45   0:00   0:00 
Mike Green               0  1  1   0  0   3  3  2  0  0  0/0    30:09   4:51   6:25 
Paul Gaustad             0  0  0   0  0   1  0  0  1  0  2/3     7:07   0:00   0:00 
Scott Niedermayer        0  1  1   1  2   1  0  1  0  0  0/0     9:19   0:17   0:00 
Steve McCarthy           0  0  0   1  0   1  1  2  0  1  0/0    20:32   1:51   3:54 
Tuomo Ruutu              1  0  1   1  0   2  1  0  0  0  1/3    13:20   0:00   3:09 

Players Stats for Rangers

Player Name              G  A  P  +/- PIM S  H  SB GA TA FO     MP     PP MP  PK MP  
------------------------------------------------------------------------------------
Alexei Emelin            0  0  0  -1  0   3  0  0  0  0  0/0     8:53   0:00   0:00 
Brad Richards            1  1  2  -2  2   4  2  2  1  1  18/37  23:15   6:17   2:58 
Cam Barker               0  0  0   1  0   1  3  0  0  0  0/0    30:24   6:54   4:32 
Chris Bourque            0  0  0   0  0   3  1  0  0  0  0/0     9:50   0:00   1:48 
Drew Stafford            0  0  0   0  0   3  2  0  1  0  0/0    14:10   3:57   0:00 
Igor Radulov             0  0  0   0  2   1  0  1  0  0  0/0    10:15   0:00   0:31 
Jakob Silfverberg        0  0  0   0  0   2  3  0  1  0  0/0     7:51   0:05   0:00 
Johan Franzen            1  1  2  -2  2   2  2  1  0  0  0/1    19:55   6:17   0:33 
Mark Fistric             0  0  0  -2  0   2  0  2  0  1  0/0    20:43   3:25   2:27 
Matt Greene              0  0  0  -2  0   0  0  0  0  0  0/0    20:43   3:25   2:27 
Matt Read                0  0  0   0  0   0  1  0  0  0  0/1    10:54   0:05   0:00 
Mike Cammalleri          0  0  0   0  0   2  2  0  0  0  0/0    14:10   3:57   0:00 
Milan Lucic              1  2  3  -2  4   4  1  0  2  1  4/6    22:03   6:17   2:54 
Patrice Bergeron         0  0  0   0  0   1  2  0  1  0  2/5    16:22   3:57   1:41 
Radek Bonk               0  0  0   0  0   1  0  0  0  0  4/8    10:58   0:05   0:15 
Ryan Whitney             0  1  1   1  0   1  1  2  0  0  0/0    30:24   6:54   4:32 
Staffan Kronwall         0  0  0  -1  0   1  0  1  0  2  0/0     8:53   0:00   0:00 
Valtteri Filppula        0  0  0   0  0   0  0  1  0  0  3/10   11:02   0:00   3:04 

3 Stars

1 - David Legwand (SJS)
2 - Brad Boyes (SJS)
3 - Derek Boogaard (SJS)

Power Play

Sharks - 1 on 5 Attempt(s) - 20,00%
Rangers - 2 on 9 Attempt(s) - 22,22%

Penalty Kill

Sharks - 7 on 9 Attempt(s) - 77,78% - Score 0 goal in Penalty Kill
Rangers - 4 on 5 Attempt(s) - 80,00% - Score 0 goal in Penalty Kill

Team Stat

Sharks - Hits : 16 - Faceoff Wins : 37 - Blocked Shots : 11 - Penalty Minutes : 18
Rangers - Hits : 20 - Faceoff Wins : 31 - Blocked Shots : 10 - Penalty Minutes : 10

Official

Referees : Furlatt Eric and O'Rourke Dan
Linesman : Dan Schachte and Ryan Galloway

Game Notes

No Game Note

Finance

Level 1 -- Attendance: 4525 (75,42%) -- Ticket Income 407 250 $
Level 2 -- Attendance: 3577 (71,54%) -- Ticket Income 196 735 $
Level 3 -- Attendance: 2000 (100,00%) -- Ticket Income 60 000 $
Level 4 -- Attendance: 3922 (98,05%) -- Ticket Income 78 440 $
Luxury Box -- Attendance: 706 (70,60%) -- Ticket Income 123 550 $
Game was played at the Madison Square Garden.
Total Attendance: 14730 (81,83%)
Total Ticket Income: 865 975 $
Other Income: 129 896 $
Total Income: 995 871 $

Sharks

5 vs 5 Forward 
   Center                   Left Wing                Right Wing               Time % Phy DF OF 
 1 David Legwand            Derek Boogaard           Brad Boyes               40     1   2  2  
 2 Antoine Vermette         Marcel Hossa             Daniel Alfredsson        30     1   2  2  
 3 Jason Allison            Tuomo Ruutu              Alexander Radulov        20     1   2  2  
 4 Paul Gaustad             Markus Naslund           Martin Erat              10     1   2  2  

5 vs 5 Defense 
   Defense                  Defense                                           Time % Phy DF OF 
 1 Mike Green               Jay Bouwmeester                                   40     1   2  2  
 2 Steve McCarthy           Kim Johnsson                                      30     1   2  2  
 3 Kevin Shattenkirk        Scott Niedermayer                                 20     1   2  2  
 4 Mike Green               Jay Bouwmeester                                   10     1   2  2  

PowerPlay Forward 
   Center                   Left Wing                Right Wing               Time % Phy DF OF 
 1 David Legwand            Derek Boogaard           Brad Boyes               60     1   2  2  
 2 Antoine Vermette         Marcel Hossa             Daniel Alfredsson        40     1   2  2  

PowerPlay Defense
   Defense                  Defense                                           Time % Phy DF OF 
 1 Mike Green               Jay Bouwmeester                                   60     1   2  2  
 2 Steve McCarthy           Kim Johnsson                                      40     1   2  2  

Penalty Kill 4 Players Forward 
   Center                   Wing                     Time % Phy DF OF 
 1 David Legwand            Brad Boyes               60     1   2  2  
 2 Antoine Vermette         Derek Boogaard           40     1   2  2  

Penalty Kill 4 Players Defense
   Defense                  Defense                  Time % Phy DF OF 
 1 Mike Green               Jay Bouwmeester          60     1   2  2  
 2 Steve McCarthy           Kim Johnsson             40     1   2  2  

Penalty Kill - 3 Players Forward 
   Forward                                           Time % Phy DF OF 
 1 David Legwand                                     60     1   2  2  
 2 Brad Boyes                                        40     1   2  2  

Penalty Kill - 3 Players Defense
   Defense                  Defense                  Time % Phy DF OF 
 1 Mike Green               Jay Bouwmeester          60     1   2  2  
 2 Steve McCarthy           Kim Johnsson             40     1   2  2  

4 vs 4 Forward 
   Center                   Wing                     Time % Phy DF OF 
 1 David Legwand            Brad Boyes               60     1   2  2  
 2 Antoine Vermette         Derek Boogaard           40     1   2  2  

4 vs 4 Defense
   Defense                  Defense                  Time % Phy DF OF 
 1 Mike Green               Jay Bouwmeester          60     1   2  2  
 2 Steve McCarthy           Kim Johnsson             40     1   2  2  

Last Minutes Offensive
   Center                   Left Wing                Right Wing               Defense                  Defense                  
   David Legwand            Derek Boogaard           Brad Boyes               Mike Green               Jay Bouwmeester          

Last Minutes Defensive
   Center                   Left Wing                Right Wing               Defense                  Defense                  
   David Legwand            Derek Boogaard           Brad Boyes               Mike Green               Jay Bouwmeester          

Goaltenders
Starting : Mike Brodeur             
Backup : Dan Ellis                

Extra Forwards
Normal : Jason Allison, Paul Gaustad, Tuomo Ruutu - PP : Jason Allison, Paul Gaustad - PK : Tuomo Ruutu
Extra Defensemen
Normal : Kevin Shattenkirk, Scott Niedermayer, Steve McCarthy - PP : Kevin Shattenkirk - PK : Scott Niedermayer, Steve McCarthy
Penalty Shots
David Legwand, Brad Boyes, Antoine Vermette, Derek Boogaard, Jason Allison

Rangers

5 vs 5 Forward 
   Center                   Left Wing                Right Wing               Time % Phy DF OF 
 1 Brad Richards            Milan Lucic              Johan Franzen            40     1   2  2  
 2 Patrice Bergeron         Mike Cammalleri          Drew Stafford            30     1   2  2  
 3 Radek Bonk               Igor Radulov             Matt Read                20     1   2  2  
 4 Valtteri Filppula        Chris Bourque            Jakob Silfverberg        10     1   2  2  

5 vs 5 Defense 
   Defense                  Defense                                           Time % Phy DF OF 
 1 Cam Barker               Ryan Whitney                                      40     1   2  2  
 2 Mark Fistric             Matt Greene                                       30     1   2  2  
 3 Staffan Kronwall         Alexei Emelin                                     20     1   2  2  
 4 Cam Barker               Ryan Whitney                                      10     1   2  2  

PowerPlay Forward 
   Center                   Left Wing                Right Wing               Time % Phy DF OF 
 1 Brad Richards            Milan Lucic              Johan Franzen            60     1   2  2  
 2 Patrice Bergeron         Mike Cammalleri          Drew Stafford            40     1   2  2  

PowerPlay Defense
   Defense                  Defense                                           Time % Phy DF OF 
 1 Cam Barker               Ryan Whitney                                      60     1   2  2  
 2 Mark Fistric             Matt Greene                                       40     1   2  2  

Penalty Kill 4 Players Forward 
   Center                   Wing                     Time % Phy DF OF 
 1 Milan Lucic              Brad Richards            60     1   2  2  
 2 Patrice Bergeron         Johan Franzen            40     1   2  2  

Penalty Kill 4 Players Defense
   Defense                  Defense                  Time % Phy DF OF 
 1 Cam Barker               Ryan Whitney             60     1   2  2  
 2 Mark Fistric             Matt Greene              40     1   2  2  

Penalty Kill - 3 Players Forward 
   Forward                                           Time % Phy DF OF 
 1 Milan Lucic                                       60     1   2  2  
 2 Brad Richards                                     40     1   2  2  

Penalty Kill - 3 Players Defense
   Defense                  Defense                  Time % Phy DF OF 
 1 Cam Barker               Ryan Whitney             60     1   2  2  
 2 Mark Fistric             Matt Greene              40     1   2  2  

4 vs 4 Forward 
   Center                   Wing                     Time % Phy DF OF 
 1 Milan Lucic              Brad Richards            60     1   2  2  
 2 Patrice Bergeron         Johan Franzen            40     1   2  2  

4 vs 4 Defense
   Defense                  Defense                  Time % Phy DF OF 
 1 Cam Barker               Ryan Whitney             60     1   2  2  
 2 Mark Fistric             Matt Greene              40     1   2  2  

Last Minutes Offensive
   Center                   Left Wing                Right Wing               Defense                  Defense                  
   Brad Richards            Milan Lucic              Johan Franzen            Cam Barker               Ryan Whitney             

Last Minutes Defensive
   Center                   Left Wing                Right Wing               Defense                  Defense                  
   Brad Richards            Milan Lucic              Johan Franzen            Cam Barker               Ryan Whitney             

Goaltenders
Starting : Henrik Lundqvist         
Backup : Hannu Toivonen           

Extra Forwards
Normal : Matt Read, Radek Bonk, Valtteri Filppula - PP : Matt Read, Radek Bonk - PK : Valtteri Filppula
Extra Defensemen
Normal : Staffan Kronwall, Alexei Emelin, Mark Fistric - PP : Staffan Kronwall - PK : Alexei Emelin, Mark Fistric
Penalty Shots
Milan Lucic, Brad Richards, Patrice Bergeron, Johan Franzen, Mike Cammalleri

% Time on Ice - Sharks

Lines # - Real PCT - Wanted PCT - Time Play
Normal Forward
1 - 34% - 40% - 13:56
2 - 25% - 30% - 10:14
3 - 24% - 20% - 9:48
4 - 17% - 10% - 6:45
Normal Defense
1 - 42% - 40% - 16:55
2 - 34% - 30% - 13:43
3 - 22% - 20% - 9:02
4 - 3% - 10% - 1:03
PP Forward
1 - 59% - 60% - 4:08
2 - 41% - 40% - 2:51
PP Defense
1 - 74% - 60% - 5:08
2 - 26% - 40% - 1:51
PK Forward
1 - 75% - 60% - 6:17
2 - 25% - 40% - 2:03
PK Defense
1 - 61% - 60% - 5:03
2 - 39% - 40% - 3:17
PK3 Forward
1 - 100% - 60% - 1:59
2 - 0% - 40% - 0:00
PK3 Defense
1 - 69% - 60% - 1:22
2 - 31% - 40% - 0:37
44 Forward
1 - 79% - 60% - 1:34
2 - 21% - 40% - 0:25
44 Defense
1 - 46% - 60% - 0:55
2 - 54% - 40% - 1:04
Last Minute Offensive  - 0:00
Last Minute Defensive  - 0:00
Total
Forward - 60:00
Defense - 60:00

% Time on Ice - Rangers

Lines # - Real PCT - Wanted PCT - Time Play
Normal Forward
1 - 32% - 40% - 12:59
2 - 26% - 30% - 10:35
3 - 24% - 20% - 9:38
4 - 18% - 10% - 7:31
Normal Defense
1 - 42% - 40% - 17:00
2 - 35% - 30% - 14:27
3 - 22% - 20% - 8:53
4 - 1% - 10% - 0:23
PP Forward
1 - 61% - 60% - 6:17
2 - 39% - 40% - 4:02
PP Defense
1 - 67% - 60% - 6:54
2 - 33% - 40% - 3:25
PK Forward
1 - 83% - 60% - 5:38
2 - 17% - 40% - 1:08
PK Defense
1 - 64% - 60% - 4:19
2 - 36% - 40% - 2:27
PK3 Forward
1 - 100% - 60% - 0:13
2 - 0% - 40% - 0:00
PK3 Defense
1 - 100% - 60% - 0:13
2 - 0% - 40% - 0:00
44 Forward
1 - 100% - 60% - 1:59
2 - 0% - 40% - 0:00
44 Defense
1 - 80% - 60% - 1:35
2 - 20% - 40% - 0:24
Last Minute Offensive  - 0:00
Last Minute Defensive  - 0:00
Total
Forward - 60:00
Defense - 60:00

Play by Play

1st period


0:01 of 1st period - Brad Richards wins face-off versus David Legwand in neutral zone.
0:26 of 1st period - Antoine Vermette is hit by Patrice Bergeron.
0:58 of 1st period - Slapshot by Martin Erat.
0:58 of 1st period - Stopped by Henrik Lundqvist with a rebound.
1:24 of 1st period - Slapshot by Patrice Bergeron.
1:24 of 1st period - Shot Misses the Net.
1:26 of 1st period - Slapshot by Mike Cammalleri.
1:26 of 1st period - Shot Misses the Net.
1:28 of 1st period - Snap shot by Drew Stafford.
1:28 of 1st period - Shot Misses the Net.
1:30 of 1st period - Slapshot by Mike Cammalleri.
1:30 of 1st period - Stopped by Mike Brodeur with a rebound.
1:36 of 1st period - Snap shot by Mike Cammalleri.
1:36 of 1st period - Stopped by Mike Brodeur without a rebound.
1:37 of 1st period - David Legwand wins face-off versus Radek Bonk in Sharks zone.
1:41 of 1st period - Icing by Mike Green.
1:42 of 1st period - Radek Bonk wins face-off versus David Legwand in Sharks zone.
1:55 of 1st period - Slapshot by Mike Green.
1:55 of 1st period - Shot Misses the Net.
2:07 of 1st period - Snap shot by Matt Read.
2:07 of 1st period - Shot Misses the Net.
2:46 of 1st period - Icing by Mark Fistric.
2:47 of 1st period - Jason Allison wins face-off versus Valtteri Filppula in Rangers zone.
3:20 of 1st period - Wrist shot by Jason Allison.
3:20 of 1st period - Shot Misses the Net.
3:26 of 1st period - Mike Green is hit by Jakob Silfverberg.
3:46 of 1st period - Wrist shot by Brad Richards.
3:46 of 1st period - Stopped by Mike Brodeur with a rebound.
4:04 of 1st period - Snap shot by Brad Boyes.
4:04 of 1st period - Shot Misses the Net.
4:06 of 1st period - Slapshot by Mike Green.
4:06 of 1st period - Deflect By Brad Boyes.
4:06 of 1st period - Stopped by Henrik Lundqvist without a rebound.
4:07 of 1st period - David Legwand wins face-off versus Brad Richards in Rangers zone.
5:14 of 1st period - Paul Gaustad is hit by Milan Lucic and loses puck.
5:27 of 1st period - Ryan Whitney is hit by David Legwand.
5:33 of 1st period - Slapshot by Jakob Silfverberg.
5:33 of 1st period - Shot Misses the Net.
5:39 of 1st period - Snap shot by David Legwand.
5:39 of 1st period - Shot Blocked by Ryan Whitney.
5:46 of 1st period - Icing by Cam Barker.
5:47 of 1st period - Valtteri Filppula wins face-off versus Antoine Vermette in Rangers zone.
5:47 of 1st period - Valtteri Filppula is hit by Marcel Hossa.
6:43 of 1st period - Slapshot by Drew Stafford.
6:43 of 1st period - Stopped by Mike Brodeur with a rebound.
6:45 of 1st period - Slapshot by Drew Stafford.
6:45 of 1st period - Shot Misses the Net.
7:13 of 1st period - Minor Penalty to Scott Niedermayer for Holding.
7:14 of 1st period - David Legwand wins face-off versus Johan Franzen in Sharks zone.
7:24 of 1st period - Off-side.
7:25 of 1st period - David Legwand wins face-off versus Brad Richards in neutral zone.
7:31 of 1st period - Icing by Ryan Whitney.
7:32 of 1st period - David Legwand wins face-off versus Brad Richards in Rangers zone.
7:33 of 1st period - Snap shot by Brad Boyes.
7:33 of 1st period - Stopped by Henrik Lundqvist with a rebound.
7:45 of 1st period - Wrist shot by Milan Lucic.
7:45 of 1st period - Shot Misses the Net.
9:13 of 1st period - Penalty to Scott Niedermayer is over, Scott Niedermayer is back on ice.
9:27 of 1st period - Slapshot by Mike Green.
9:27 of 1st period - Deflect By Mark Fistric.
9:27 of 1st period - Stopped by Henrik Lundqvist without a rebound.
9:28 of 1st period - Antoine Vermette wins face-off versus Radek Bonk in Rangers zone.
9:40 of 1st period - Off-side.
9:41 of 1st period - Antoine Vermette wins face-off versus Brad Richards in neutral zone.
9:44 of 1st period - Snap shot by Daniel Alfredsson.
9:44 of 1st period - Stopped by Henrik Lundqvist with a rebound.
10:34 of 1st period - Slapshot by Alexander Radulov.
10:34 of 1st period - Shot Blocked by Staffan Kronwall.
10:36 of 1st period - Slapshot by Alexander Radulov.
10:36 of 1st period - Stopped by Henrik Lundqvist with a rebound.
10:38 of 1st period - Wrist shot by Alexander Radulov.
10:38 of 1st period - Deflect By Jason Allison.
10:38 of 1st period - Shot Misses the Net.
10:38 of 1st period - Puck is out of play.
10:39 of 1st period - Brad Richards wins face-off versus Antoine Vermette in Rangers zone.
10:50 of 1st period - Wrist shot by Johan Franzen.
10:50 of 1st period - Shot Misses the Net.
10:52 of 1st period - Snap shot by Milan Lucic.
10:52 of 1st period - Deflect By Brad Richards.
10:52 of 1st period - Goal by Brad Richards - Sharks : 0 - Rangers : 1.
10:53 of 1st period - Brad Richards wins face-off versus David Legwand in neutral zone.
11:08 of 1st period - Wrist shot by Brad Boyes.
11:08 of 1st period - Stopped by Henrik Lundqvist with a rebound.
11:18 of 1st period - Marcel Hossa is hit by Drew Stafford and loses puck.
11:45 of 1st period - Wrist shot by Matt Read.
11:45 of 1st period - Shot Misses the Net.
11:47 of 1st period - Slapshot by Staffan Kronwall.
11:47 of 1st period - Shot Misses the Net.
12:21 of 1st period - Snap shot by Derek Boogaard.
12:21 of 1st period - Shot Misses the Net.
12:23 of 1st period - Snap shot by Derek Boogaard.
12:23 of 1st period - Goal by Derek Boogaard - Sharks : 1 - Rangers : 1.
12:24 of 1st period - Brad Richards wins face-off versus Brad Boyes in neutral zone.
12:27 of 1st period - Wrist shot by Johan Franzen.
12:27 of 1st period - Shot Misses the Net.
12:39 of 1st period - Slapshot by Brad Richards.
12:39 of 1st period - Stopped by Mike Brodeur without a rebound.
12:40 of 1st period - Antoine Vermette wins face-off versus Patrice Bergeron in Sharks zone.
12:55 of 1st period - Wrist shot by Daniel Alfredsson.
12:55 of 1st period - Stopped by Henrik Lundqvist with a rebound.
13:07 of 1st period - Derek Boogaard is hit by Cam Barker and loses puck.
13:56 of 1st period - Snap shot by Matt Greene.
13:56 of 1st period - Shot Misses the Net.
13:58 of 1st period - Snap shot by Chris Bourque.
13:58 of 1st period - Stopped by Mike Brodeur without a rebound.
13:59 of 1st period - David Legwand wins face-off versus Brad Richards in Sharks zone.
13:59 of 1st period - David Legwand is hit by Johan Franzen.
14:10 of 1st period - Double Minor Penalty to David Legwand for Slashing.
14:11 of 1st period - Brad Richards wins face-off versus Tuomo Ruutu in Sharks zone.
14:46 of 1st period - Off-side.
14:47 of 1st period - Antoine Vermette wins face-off versus Brad Richards in neutral zone.
15:03 of 1st period - Snap shot by Patrice Bergeron.
15:03 of 1st period - Shot Blocked by Steve McCarthy.
15:32 of 1st period - Tuomo Ruutu is hit by Brad Richards and loses puck.
15:54 of 1st period - Minor Penalty to Derek Boogaard for Holding.
15:55 of 1st period - Tuomo Ruutu wins face-off versus Brad Richards in Sharks zone.
16:04 of 1st period - Mike Green is hit by Johan Franzen and loses puck.
17:15 of 1st period - Steve McCarthy is hit by Patrice Bergeron and loses puck.
17:40 of 1st period - Cam Barker is hit by Mike Green and loses puck.
17:54 of 1st period - Penalty to Derek Boogaard is over, Derek Boogaard is back on ice.
18:10 of 1st period - Penalty to David Legwand is over, David Legwand is back on ice.
18:35 of 1st period - Backhand shot by Paul Gaustad.
18:35 of 1st period - Stopped by Henrik Lundqvist with a rebound.
19:36 of 1st period - Mark Fistric is hit by Tuomo Ruutu and loses puck.
Goals for this period are 1 for Sharks vs 1 for Rangers.
Shots for this period are 10 for Sharks vs 7 for Rangers.

2nd period


0:01 of 2nd period - Brad Richards wins face-off versus David Legwand in neutral zone.
0:58 of 2nd period - Slapshot by Radek Bonk.
0:58 of 2nd period - Shot Blocked by Jay Bouwmeester.
1:34 of 2nd period - Snap shot by Milan Lucic.
1:34 of 2nd period - Shot Blocked by Kim Johnsson.
2:24 of 2nd period - Slapshot by Matt Read.
2:24 of 2nd period - Shot Blocked by Scott Niedermayer.
2:44 of 2nd period - Slapshot by Martin Erat.
2:44 of 2nd period - Stopped by Henrik Lundqvist without a rebound.
2:45 of 2nd period - David Legwand wins face-off versus Brad Richards in Rangers zone.
2:46 of 2nd period - Snap shot by Brad Boyes.
2:46 of 2nd period - Shot Blocked by Ryan Whitney.
2:48 of 2nd period - Minor Penalty to Johan Franzen for Roughing.
2:49 of 2nd period - Brad Boyes wins face-off versus Milan Lucic in Rangers zone.
2:50 of 2nd period - Snap shot by Derek Boogaard.
2:50 of 2nd period - Shot Hit the Post.
3:04 of 2nd period - Wrist shot by David Legwand.
3:04 of 2nd period - Stopped by Henrik Lundqvist with a rebound.
4:06 of 2nd period - Matt Greene is hit by Marcel Hossa and loses puck.
4:48 of 2nd period - Penalty to Johan Franzen is over, Johan Franzen is back on ice.
5:59 of 2nd period - Wrist shot by Alexander Radulov.
5:59 of 2nd period - Stopped by Henrik Lundqvist with a rebound.
6:01 of 2nd period - Snap shot by Jay Bouwmeester.
6:01 of 2nd period - Shot Blocked by Johan Franzen.
6:03 of 2nd period - Backhand shot by Mike Green.
6:03 of 2nd period - Shot Blocked by Brad Richards.
6:05 of 2nd period - Snap shot by Jason Allison.
6:05 of 2nd period - Shot Misses the Net.
6:07 of 2nd period - Slapshot by Tuomo Ruutu.
6:07 of 2nd period - Goal by Tuomo Ruutu - Sharks : 2 - Rangers : 1.
6:08 of 2nd period - Patrice Bergeron wins face-off versus David Legwand in neutral zone.
6:19 of 2nd period - Snap shot by Patrice Bergeron.
6:19 of 2nd period - Deflect By Mike Cammalleri.
6:19 of 2nd period - Shot Misses the Net.
6:19 of 2nd period - Puck is out of play.
6:20 of 2nd period - Brad Richards wins face-off versus Derek Boogaard in Sharks zone.
6:36 of 2nd period - Brad Richards is hit by Derek Boogaard and loses puck.
6:51 of 2nd period - Snap shot by Mike Cammalleri.
6:51 of 2nd period - Shot Misses the Net.
7:17 of 2nd period - Cam Barker is hit by Kevin Shattenkirk and loses puck.
8:01 of 2nd period - Matt Greene is hit by Jay Bouwmeester and loses puck.
8:17 of 2nd period - Slapshot by Drew Stafford.
8:17 of 2nd period - Shot Misses the Net.
8:40 of 2nd period - Snap shot by Chris Bourque.
8:40 of 2nd period - Stopped by Mike Brodeur with a rebound.
8:42 of 2nd period - Slapshot by Chris Bourque.
8:42 of 2nd period - Stopped by Mike Brodeur with a rebound.
8:55 of 2nd period - Minor Penalty to Igor Radulov for Holding.
8:56 of 2nd period - Milan Lucic wins face-off versus David Legwand in Rangers zone.
10:55 of 2nd period - Penalty to Igor Radulov is over, Igor Radulov is back on ice.
10:57 of 2nd period - Icing by Cam Barker.
10:58 of 2nd period - Antoine Vermette wins face-off versus Patrice Bergeron in Rangers zone.
11:07 of 2nd period - Mike Cammalleri is hit by Mike Green and loses puck.
11:26 of 2nd period - Wrist shot by Igor Radulov.
11:26 of 2nd period - Stopped by Mike Brodeur without a rebound.
11:27 of 2nd period - Radek Bonk wins face-off versus Paul Gaustad in Sharks zone.
11:30 of 2nd period - Slapshot by Igor Radulov.
11:30 of 2nd period - Shot Misses the Net.
11:32 of 2nd period - Snap shot by Matt Greene.
11:32 of 2nd period - Shot Misses the Net.
11:34 of 2nd period - Wrist shot by Matt Greene.
11:34 of 2nd period - Shot Blocked by Kim Johnsson.
11:38 of 2nd period - Snap shot by Radek Bonk.
11:38 of 2nd period - Shot Misses the Net.
11:40 of 2nd period - Wrist shot by Mark Fistric.
11:40 of 2nd period - Stopped by Mike Brodeur without a rebound.
11:41 of 2nd period - David Legwand wins face-off versus Milan Lucic in Sharks zone.
11:50 of 2nd period - Slapshot by David Legwand.
11:50 of 2nd period - Shot Misses the Net.
12:13 of 2nd period - Antoine Vermette is hit by Mike Cammalleri and loses puck.
12:51 of 2nd period - Mike Green is hit by Cam Barker and loses puck.
13:05 of 2nd period - Icing by Radek Bonk.
13:06 of 2nd period - Paul Gaustad wins face-off versus Patrice Bergeron in Rangers zone.
13:37 of 2nd period - Slapshot by Drew Stafford.
13:37 of 2nd period - Stopped by Mike Brodeur without a rebound.
13:38 of 2nd period - Marcel Hossa wins face-off versus Brad Richards in Sharks zone.
13:43 of 2nd period - Matt Greene is hit by Marcel Hossa.
14:07 of 2nd period - Icing by Kevin Shattenkirk.
14:08 of 2nd period - Radek Bonk wins face-off versus David Legwand in Sharks zone.
14:43 of 2nd period - Snap shot by Derek Boogaard.
14:43 of 2nd period - Deflect By Brad Boyes.
14:43 of 2nd period - Shot Blocked by Igor Radulov.
14:43 of 2nd period - Puck is out of play.
14:44 of 2nd period - Antoine Vermette wins face-off versus Brad Richards in Rangers zone.
15:11 of 2nd period - Drew Stafford is hit by Mike Green and loses puck.
16:08 of 2nd period - Antoine Vermette is hit by Brad Richards and loses puck.
16:17 of 2nd period - Slapshot by Brad Richards.
16:17 of 2nd period - Shot Misses the Net.
16:25 of 2nd period - Minor Penalty to Antoine Vermette for Hooking.
16:26 of 2nd period - Milan Lucic wins face-off versus David Legwand in Sharks zone.
16:31 of 2nd period - Snap shot by Milan Lucic.
16:31 of 2nd period - Shot Blocked by Jay Bouwmeester.
16:33 of 2nd period - Slapshot by Milan Lucic.
16:33 of 2nd period - Shot Blocked by Brad Boyes.
16:35 of 2nd period - Slapshot by Johan Franzen.
16:35 of 2nd period - Stopped by Mike Brodeur with a rebound.
16:37 of 2nd period - Snap shot by Ryan Whitney.
16:37 of 2nd period - Shot Misses the Net.
16:39 of 2nd period - Wrist shot by Milan Lucic.
16:39 of 2nd period - Shot Misses the Net.
16:41 of 2nd period - Slapshot by Ryan Whitney.
16:41 of 2nd period - Deflect By Johan Franzen.
16:41 of 2nd period - Goal by Johan Franzen - Sharks : 2 - Rangers : 2.
16:42 of 2nd period - Brad Richards wins face-off versus David Legwand in neutral zone.
16:49 of 2nd period - Snap shot by Brad Richards.
16:49 of 2nd period - Shot Misses the Net.
16:57 of 2nd period - Slapshot by Milan Lucic.
16:57 of 2nd period - Shot Misses the Net.
17:09 of 2nd period - Jay Bouwmeester is hit by Ryan Whitney and loses puck.
17:14 of 2nd period - Wrist shot by Drew Stafford.
17:14 of 2nd period - Shot Misses the Net.
17:16 of 2nd period - Wrist shot by Drew Stafford.
17:16 of 2nd period - Shot Misses the Net.
17:27 of 2nd period - Icing by Antoine Vermette.
17:28 of 2nd period - Jason Allison wins face-off versus Radek Bonk in Sharks zone.
17:43 of 2nd period - Wrist shot by Radek Bonk.
17:43 of 2nd period - Shot Blocked by Alexander Radulov.
17:53 of 2nd period - Brad Richards is hit by Brad Boyes and loses puck.
18:17 of 2nd period - Minor Penalty to Daniel Alfredsson for Hooking.
18:18 of 2nd period - Brad Richards wins face-off versus David Legwand in Sharks zone.
18:45 of 2nd period - Kim Johnsson is hit by Cam Barker and loses puck.
Goals for this period are 1 for Sharks vs 1 for Rangers.
Shots for this period are 4 for Sharks vs 7 for Rangers.

3rd period


0:01 of 3rd period - Brad Richards wins face-off versus David Legwand in neutral zone.
0:17 of 3rd period - Penalty to Daniel Alfredsson is over, Daniel Alfredsson is back on ice.
0:35 of 3rd period - Wrist shot by Drew Stafford.
0:35 of 3rd period - Stopped by Mike Brodeur without a rebound.
0:36 of 3rd period - Brad Richards wins face-off versus Antoine Vermette in Sharks zone.
0:37 of 3rd period - Snap shot by Milan Lucic.
0:37 of 3rd period - Stopped by Mike Brodeur with a rebound.
0:47 of 3rd period - Snap shot by Marcel Hossa.
0:47 of 3rd period - Stopped by Henrik Lundqvist with a rebound.
0:51 of 3rd period - Snap shot by Antoine Vermette.
0:51 of 3rd period - Shot Misses the Net.
1:07 of 3rd period - Wrist shot by Patrice Bergeron.
1:07 of 3rd period - Stopped by Mike Brodeur with a rebound.
1:13 of 3rd period - Slapshot by Mike Cammalleri.
1:13 of 3rd period - Deflect By Drew Stafford.
1:13 of 3rd period - Shot Misses the Net.
1:13 of 3rd period - Puck is out of play.
1:14 of 3rd period - Antoine Vermette wins face-off versus Brad Richards in Sharks zone.
2:06 of 3rd period - Snap shot by Martin Erat.
2:06 of 3rd period - Stopped by Henrik Lundqvist without a rebound.
2:07 of 3rd period - Paul Gaustad wins face-off versus Radek Bonk in Rangers zone.
2:26 of 3rd period - Slapshot by Alexei Emelin.
2:26 of 3rd period - Shot Blocked by Steve McCarthy.
2:28 of 3rd period - Slapshot by Staffan Kronwall.
2:28 of 3rd period - Stopped by Mike Brodeur without a rebound.
2:29 of 3rd period - David Legwand wins face-off versus Brad Richards in Sharks zone.
3:15 of 3rd period - Slapshot by Mike Green.
3:15 of 3rd period - Stopped by Henrik Lundqvist with a rebound.
4:06 of 3rd period - Snap shot by Mike Cammalleri.
4:06 of 3rd period - Shot Blocked by Mike Green.
4:21 of 3rd period - Paul Gaustad is hit by Jakob Silfverberg and loses puck.
4:58 of 3rd period - Snap shot by Paul Gaustad.
4:58 of 3rd period - Shot Misses the Net.
5:00 of 3rd period - Snap shot by Martin Erat.
5:00 of 3rd period - Stopped by Henrik Lundqvist with a rebound.
5:02 of 3rd period - Slapshot by Steve McCarthy.
5:02 of 3rd period - Stopped by Henrik Lundqvist without a rebound.
5:03 of 3rd period - Brad Richards wins face-off versus David Legwand in Rangers zone.
5:30 of 3rd period - Snap shot by Antoine Vermette.
5:30 of 3rd period - Deflect By Marcel Hossa.
5:30 of 3rd period - Shot Misses the Net.
5:30 of 3rd period - Puck is out of play.
5:31 of 3rd period - Patrice Bergeron wins face-off versus Antoine Vermette in Rangers zone.
6:04 of 3rd period - Snap shot by Brad Richards.
6:04 of 3rd period - Stopped by Mike Brodeur without a rebound.
6:05 of 3rd period - Brad Richards wins face-off versus Antoine Vermette in Sharks zone.
6:12 of 3rd period - Snap shot by Milan Lucic.
6:12 of 3rd period - Shot Misses the Net.
7:16 of 3rd period - Snap shot by Martin Erat.
7:16 of 3rd period - Stopped by Henrik Lundqvist with a rebound.
7:18 of 3rd period - Snap shot by Markus Naslund.
7:18 of 3rd period - Shot Blocked by Brad Richards.
8:12 of 3rd period - Minor Penalty to David Legwand for Roughing.
8:13 of 3rd period - Brad Richards wins face-off versus Tuomo Ruutu in Sharks zone.
8:19 of 3rd period - Snap shot by Milan Lucic.
8:19 of 3rd period - Goal by Milan Lucic - Sharks : 2 - Rangers : 3.
8:20 of 3rd period - Brad Richards wins face-off versus David Legwand in neutral zone.
8:45 of 3rd period - Jay Bouwmeester is hit by Drew Stafford and loses puck.
8:54 of 3rd period - Slapshot by Steve McCarthy.
8:54 of 3rd period - Shot Misses the Net.
9:04 of 3rd period - Slapshot by Ryan Whitney.
9:04 of 3rd period - Stopped by Mike Brodeur with a rebound.
9:06 of 3rd period - Snap shot by Cam Barker.
9:06 of 3rd period - Stopped by Mike Brodeur with a rebound.
9:08 of 3rd period - Slapshot by Ryan Whitney.
9:08 of 3rd period - Shot Misses the Net.
9:10 of 3rd period - Slapshot by Radek Bonk.
9:10 of 3rd period - Deflect By Igor Radulov.
9:10 of 3rd period - Shot Misses the Net.
9:10 of 3rd period - Puck is out of play.
9:11 of 3rd period - Brad Richards wins face-off versus David Legwand in Sharks zone.
9:14 of 3rd period - Snap shot by Milan Lucic.
9:14 of 3rd period - Stopped by Mike Brodeur with a rebound.
9:16 of 3rd period - Slapshot by Mark Fistric.
9:16 of 3rd period - Stopped by Mike Brodeur without a rebound.
9:17 of 3rd period - Brad Richards wins face-off versus Brad Boyes in Sharks zone.
9:29 of 3rd period - Minor Penalty to Derek Boogaard for Hooking.
9:30 of 3rd period - David Legwand wins face-off versus Brad Richards in Sharks zone.
10:39 of 3rd period - Icing by Johan Franzen.
10:40 of 3rd period - Brad Richards wins face-off versus Antoine Vermette in Rangers zone.
11:01 of 3rd period - Johan Franzen is hit by David Legwand and loses puck.
11:29 of 3rd period - Penalty to Derek Boogaard is over, Derek Boogaard is back on ice.
11:34 of 3rd period - Kim Johnsson is hit by Mike Cammalleri and loses puck.
12:07 of 3rd period - Snap shot by Jakob Silfverberg.
12:07 of 3rd period - Stopped by Mike Brodeur with a rebound.
12:09 of 3rd period - Snap shot by Alexei Emelin.
12:09 of 3rd period - Stopped by Mike Brodeur without a rebound.
12:10 of 3rd period - Jason Allison wins face-off versus Valtteri Filppula in Sharks zone.
12:10 of 3rd period - Jason Allison is hit by Jakob Silfverberg.
12:22 of 3rd period - Wrist shot by Jason Allison.
12:22 of 3rd period - Shot Misses the Net.
12:26 of 3rd period - Slapshot by Mike Green.
12:26 of 3rd period - Deflect By Jason Allison.
12:26 of 3rd period - Stopped by Henrik Lundqvist with a rebound.
12:28 of 3rd period - Snap shot by Mike Green.
12:28 of 3rd period - Shot Blocked by Valtteri Filppula.
12:30 of 3rd period - Snap shot by Alexander Radulov.
12:30 of 3rd period - Shot Blocked by Mark Fistric.
12:32 of 3rd period - Slapshot by Tuomo Ruutu.
12:32 of 3rd period - Stopped by Henrik Lundqvist with a rebound.
12:43 of 3rd period - Jason Allison is hit by Chris Bourque and loses puck.
12:55 of 3rd period - Backhand shot by Valtteri Filppula.
12:55 of 3rd period - Shot Misses the Net.
12:57 of 3rd period - Snap shot by Jakob Silfverberg.
12:57 of 3rd period - Stopped by Mike Brodeur without a rebound.
12:58 of 3rd period - Milan Lucic wins face-off versus David Legwand in Sharks zone.
13:09 of 3rd period - Wrist shot by Milan Lucic.
13:09 of 3rd period - Stopped by Mike Brodeur with a rebound.
13:11 of 3rd period - Slapshot by Ryan Whitney.
13:11 of 3rd period - Shot Blocked by Mike Green.
13:27 of 3rd period - Snap shot by Radek Bonk.
13:27 of 3rd period - Stopped by Mike Brodeur with a rebound.
13:29 of 3rd period - Slapshot by Alexei Emelin.
13:29 of 3rd period - Deflect By Mike Green.
13:29 of 3rd period - Stopped by Mike Brodeur with a rebound.
13:31 of 3rd period - Slapshot by Alexei Emelin.
13:31 of 3rd period - Stopped by Mike Brodeur without a rebound.
13:32 of 3rd period - Antoine Vermette wins face-off versus Brad Richards in Sharks zone.
13:57 of 3rd period - Ryan Whitney is hit by Steve McCarthy and loses puck.
14:18 of 3rd period - Kevin Shattenkirk is hit by Matt Read and loses puck.
14:24 of 3rd period - Icing by Kevin Shattenkirk.
14:25 of 3rd period - David Legwand wins face-off versus Brad Richards in Sharks zone.
14:32 of 3rd period - Wrist shot by David Legwand.
14:32 of 3rd period - Shot Misses the Net.
14:34 of 3rd period - Slapshot by Scott Niedermayer.
14:34 of 3rd period - Stopped by Henrik Lundqvist with a rebound.
14:36 of 3rd period - Slapshot by David Legwand.
14:36 of 3rd period - Shot Blocked by Mark Fistric.
14:38 of 3rd period - Snap shot by Derek Boogaard.
14:38 of 3rd period - Shot Misses the Net.
14:40 of 3rd period - Wrist shot by David Legwand.
14:40 of 3rd period - Goal by David Legwand - Sharks : 3 - Rangers : 3.
14:41 of 3rd period - David Legwand wins face-off versus Brad Richards in neutral zone.
14:46 of 3rd period - Slapshot by Jay Bouwmeester.
14:46 of 3rd period - Stopped by Henrik Lundqvist without a rebound.
14:47 of 3rd period - David Legwand wins face-off versus Brad Richards in Rangers zone.
14:48 of 3rd period - Snap shot by Brad Boyes.
14:48 of 3rd period - Shot Misses the Net.
14:50 of 3rd period - Snap shot by Brad Boyes.
14:50 of 3rd period - Shot Misses the Net.
14:52 of 3rd period - Slapshot by Mike Green.
14:52 of 3rd period - Stopped by Henrik Lundqvist without a rebound.
14:53 of 3rd period - David Legwand wins face-off versus Brad Richards in Rangers zone.
14:59 of 3rd period - Double Minor Penalty to Milan Lucic for Roughing.
15:00 of 3rd period - David Legwand wins face-off versus Valtteri Filppula in Rangers zone.
15:03 of 3rd period - Minor Penalty to Derek Boogaard for Charging.
15:04 of 3rd period - David Legwand wins face-off versus Matt Read in Sharks zone.
15:20 of 3rd period - Snap shot by Brad Richards.
15:20 of 3rd period - Shot Misses the Net.
15:38 of 3rd period - Icing by Ryan Whitney.
15:39 of 3rd period - Radek Bonk wins face-off versus David Legwand in Rangers zone.
15:39 of 3rd period - Radek Bonk is hit by David Legwand.
16:49 of 3rd period - Slapshot by Ryan Whitney.
16:49 of 3rd period - Shot Misses the Net.
17:03 of 3rd period - Penalty to Derek Boogaard is over, Derek Boogaard is back on ice.
17:11 of 3rd period - Snap shot by David Legwand.
17:11 of 3rd period - Stopped by Henrik Lundqvist without a rebound.
17:12 of 3rd period - Marcel Hossa wins face-off versus Valtteri Filppula in Rangers zone.
17:15 of 3rd period - Snap shot by Marcel Hossa.
17:15 of 3rd period - Stopped by Henrik Lundqvist without a rebound.
17:16 of 3rd period - Valtteri Filppula wins face-off versus Antoine Vermette in Rangers zone.
17:24 of 3rd period - Off-side.
17:25 of 3rd period - David Legwand wins face-off versus Brad Richards in neutral zone.
17:29 of 3rd period - Off-side.
17:30 of 3rd period - David Legwand wins face-off versus Valtteri Filppula in neutral zone.
17:43 of 3rd period - Snap shot by Brad Boyes.
17:43 of 3rd period - Stopped by Henrik Lundqvist with a rebound.
17:45 of 3rd period - Slapshot by Jay Bouwmeester.
17:45 of 3rd period - Stopped by Henrik Lundqvist without a rebound.
17:46 of 3rd period - Valtteri Filppula wins face-off versus David Legwand in Rangers zone.
17:56 of 3rd period - Off-side.
17:57 of 3rd period - David Legwand wins face-off versus Valtteri Filppula in neutral zone.
18:09 of 3rd period - Minor Penalty to Brad Richards for Tripping.
18:10 of 3rd period - David Legwand wins face-off versus Valtteri Filppula in Rangers zone.
18:22 of 3rd period - Backhand shot by David Legwand.
18:22 of 3rd period - Goal by David Legwand - Sharks : 4 - Rangers : 3.
18:23 of 3rd period - Milan Lucic wins face-off versus David Legwand in neutral zone.
18:38 of 3rd period - Slapshot by David Legwand.
18:38 of 3rd period - Shot Misses the Net.
18:52 of 3rd period - Ryan Whitney is hit by Jay Bouwmeester and loses puck.
Goals for this period are 2 for Sharks vs 1 for Rangers.
Shots for this period are 17 for Sharks vs 17 for Rangers.